 Dungeon Crawl Stone Soup version 0.32-a0-468-g38b2580584 (webtiles) character file.

Game seed: 17375057596122900608

11445 Asceticacid the Brawler (level 11, -10/89 HPs)
             Began as a Ghoul Monk on Feb 24, 2024.
             Was an Initiate of Gozag.
             Mangled by a black mamba (11 damage)
             ... on level 1 of the Lair of Beasts.
             The game lasted 00:16:36 (12519 turns).

Asceticacid the Brawler (Ghoul Monk)               Turns: 12519, Time: 00:16:37

Health: -10/89     AC: 12    Str: 18    XL:     11   Next: 77%
Magic:  11/11      EV: 15    Int:  9    God:    Gozag
Gold:   691        SH:  0    Dex: 13    Spells: 10/10 levels left

rFire   . .          .
                       - Unarmed
rCold   + . .        (no shield)
rNeg    + + +        f - +0 chain mail
rPois   ∞            m - +2 hat
rElec   .            (no cloak)
rCorr   .            (no gloves)
SInv    +            (no boots)
Will    .....        (no amulet) Stlth
                     l - +5 ring of evasion
HPRegen 0.00/turn    a - ring of see invisible
MPRegen 0.12/turn

%: no passive effects
@: inhibited regen, studying Shields
A: claws 1, cold resistance 1, negative energy resistance 3, inhibited
regeneration, torment resistance 2, devour on kill
a: Renounce Religion, Potion Petition, Call Merchant, Bribe Branch


You were on level 1 of the Lair of Beasts.
You worshipped Gozag.
Gozag was pleased with you.
You visited 3 branches of the dungeon, and saw 13 of its levels.
You also visited: Sewer.

You collected 1464 gold pieces.
You paid 773 gold pieces to Gozag.

Inventory:

Missiles
 q - 20 poisoned darts (quivered)
 u - a curare-tipped dart
Armour
 c - an orb of light
 f - a +0 chain mail (worn)
 m - a +2 hat (worn)
Jewellery
 a - a ring of see invisible (right claw)
 l - a +5 ring of evasion (left claw)
 w - a ring of flight
 G - a +5 ring of evasion
Wands
 d - a wand of iceblast (26)
 g - a wand of digging (8)
 n - a wand of flame (25)
 y - a wand of paralysis (8)
 C - a wand of mindburst (7)
 E - a wand of polymorph (3)
Scrolls
 e - 5 scrolls of teleportation
 i - 3 scrolls of blinking
 v - a scroll of amnesia {unknown}
 z - 5 scrolls of identify
 A - 2 scrolls of poison {unknown}
 F - a scroll of torment {unknown}
 H - a scroll of fear {unknown}
 I - a scroll of enchant weapon {unknown}
 J - a scroll of immolation
Potions
 b - 2 potions of ambrosia
 h - a potion of resistance
 j - a potion of lignification {unknown}
 k - 3 potions of attraction {unknown}
 o - 4 potions of curing {unknown}
 p - a potion of magic {unknown}
 r - a potion of berserk rage {unknown}
 s - 2 potions of heal wounds {unknown}
 t - a potion of haste {unknown}
 x - 3 potions of mutation {unknown}
 B - 2 potions of brilliance {unknown}
 D - 2 potions of enlightenment


   Skills:
 + Level 5.9 Fighting
 + Level 2.0 Throwing
 + Level 7.6 Armour
 + Level 5.2 Dodging
 + Level 16.1 Unarmed Combat


You had 10 spell levels left.
You didn't know any spells.
Your spell library contained the following spells:

 Spells                   Type           Power      Damage    Failure   Level
 Slow                     Hex            0%         N/A       96%         1
 Confusing Touch          Hex            0%         N/A       100%        3
 Sigil of Binding         Hex            0%         N/A       100%        3
 Tukima's Dance           Hex            0%         N/A       100%        3
 Vampiric Draining        Necr           0%         2d6       100%        3
 Dimensional Bullseye     Hex/Tloc       0%         N/A       100%        4
 Iskenderun's Mystic Bla  Conj/Tloc      0%         2d3       100%        4


Dungeon Overview and Level Annotations

Branches:
Dungeon (11/15)            Temple (1/1) D:7            Lair (1/5) D:9
    Orc (0/2) D:11          Sewer (visited)

Altars:
Ashenzari
Cheibriados
Dithmenos
Fedhas
Gozag
Hepliaklqana
Kikubaaqudgha
Makhleb
Nemelex Xobeh
Okawaru
Qazlal
Ru
Sif Muna
Trog
Uskayaw
Vehumet
Wu Jian
Xom
Yredelemnul

Shops:
D:9 =*

Annotations:
D:9 4 transporters


Innate Abilities, Weirdness & Mutations

You are immune to poison.
You have sharp fingernails.
Your flesh is cold resistant. (rC+)
You are immune to negative energy. (rN+++)
You do not regenerate when monsters are visible.
You are immune to unholy pain and torment.
You thrive by killing the living.


Message History

The black mamba barely misses you.
You barely miss the black mamba.
The black mamba is heavily wounded.
The black mamba barely misses you.
You closely miss the black mamba.
The black mamba is heavily wounded.
The black mamba barely misses you. The yak completely misses you.
The black mamba bites you!
You mangle the black mamba!!
The black mamba is almost dead.
The black mamba bites you! The yak misses you.
You barely miss the black mamba.
The black mamba is almost dead.
The black mamba closely misses you.
The black mamba bites you but does no damage.
The black mamba bites you! The black mamba closely misses you.
The yak attacks as it pursues you! The yak barely misses you.
The black mamba misses you.
The black mamba attacks as it pursues you!
The black mamba bites you.
* * * LOW HITPOINT WARNING * * *
The black mamba bites you but does no damage.
The black mamba bites you but does no damage.
The yak attacks as it pursues you! The yak gores you but does no damage.
The black mamba barely misses you.
There is a dry fountain here.
The black mamba attacks as it pursues you!
The black mamba misses you. The yak misses you.
The black mamba closely misses you. The black mamba bites you!
* * * LOW HITPOINT WARNING * * *
The black mamba attacks as it pursues you!
The black mamba bites you!
* * * LOW HITPOINT WARNING * * *
The yak gores you.
* * * LOW HITPOINT WARNING * * *
The black mamba bites you!
You die...
Your body crumbles into a pile of gold.

#...........F.#.....
###.....#.###.#..# .
#....##.⌠.....##.⌠.
#..#)#.Y...........
##...#⌠.>..?..#...>
##..#Y.Y..#.......
##.Y#YF.##..#..⌠.
##SY######..#...
#.@.....# ......
+.......# ..#...
#.......# #.=#.#
........# #....
P#.......#
.##.......# ..
#.......+ ##
P.......#


You could see a black mamba, 6 yaks and a bullfrog.

Vanquished Creatures
  4 two-headed ogres
  An unseen horror (D:10)
  2 komodo dragons (D:8)
  3 trolls
  A hornet (D:7)
  18 yaks
  2 wyverns
  A vampire (D:9)
  A wraith (D:11)
  2 steam dragons (D:6)
  Eustachio (D:4)
  Menkaure (D:4)
  2 water moccasins
  Duvessa (D:4)
  3 orc warriors
  3 ice beasts
  A sky beast (D:7)
  2 wolves (D:9)
  3 black bears
  4 centaurs
  A phantom (D:7)
  2 kobold brigands
  5 bullfrogs
  6 scorpions
  Dowan (D:4)
  A howler monkey (D:5)
  2 hounds
  A jelly (D:6)
  10 orc priests
  2 bombardier beetles (D:5)
  A sleepcap (D:7)
  A gnoll bouda (D:6)
  3 iguanas
  8 orc wizards
  Robin (D:4)
  11 gnolls
  6 adders
  2 river rats (D:3)
  2 white imps
  2 ufetubi (D:6)
  2 ribbon worms
  10 dart slugs
  34 orcs
  12 ball pythons
  5 bats
  17 endoplasms
  11 giant cockroaches
  12 goblins
  8 hobgoblins
  4 jackals (D:5)
  15 kobolds
  3 quokkas
  16 frilled lizards
  4 rats
277 creatures vanquished.

Notes
Turn   | Place    | Note
-------+----------+-------------------------------------------
     0 | D:1      | Asceticacid the Ghoul Monk began the quest for the Orb.
     0 | D:1      | Reached XP level 1. HP: 19/19 MP: 1/1
   181 | D:1      | Reached XP level 2. HP: 26/26 MP: 2/2
   872 | D:2      | Reached XP level 3. HP: 29/33 MP: 3/3
  1005 | D:2      | Reached skill level 4 in Unarmed Combat
  1199 | D:3      | Found an ancient bone altar of Kikubaaqudgha.
  1295 | D:3      | Found an iron altar of Okawaru.
  1310 | D:3      | Reached XP level 4. HP: 40/40 MP: 4/4
  1463 | D:3      | Found a glowing drain.
  1739 | Sewer    | Entered a sewer
  1842 | Sewer    | Reached skill level 5 in Unarmed Combat
  1854 | Sewer    | Reached XP level 5. HP: 44/46 MP: 5/5
  2072 | Sewer    | Reached XP level 6. HP: 3/52 MP: 6/6
  2073 | Sewer    | HP: 2/52 [ball python (1)]
  2074 | Sewer    | Reached skill level 6 in Unarmed Combat
  2653 | D:4      | Noticed Eustachio
  2669 | D:4      | Identified a scroll of acquirement
  2669 | D:4      | Acquired a manual of Shields
  2689 | D:4      | Killed Eustachio
  2690 | D:4      | Reached skill level 7 in Unarmed Combat
  2690 | D:4      | Reached XP level 7. HP: 51/59 MP: 7/7
  2815 | D:4      | Reached skill level 1 in Armour
  2850 | D:4      | Noticed Dowan
  2869 | D:4      | Killed Dowan
  2882 | D:4      | Noticed Menkaure
  2892 | D:4      | Killed Menkaure
  2893 | D:4      | Reached skill level 8 in Unarmed Combat
  2980 | D:4      | Noticed Duvessa
  2996 | D:4      | Killed Duvessa
  2997 | D:4      | Reached XP level 8. HP: 26/67 MP: 8/8
  3280 | D:4      | Noticed Robin
  3293 | D:4      | Killed Robin
  3567 | D:5      | Entered Level 5 of the Dungeon
  3840 | D:5      | Reached skill level 9 in Unarmed Combat
  3845 | D:5      | Found an ornate altar of the Wu Jian Council.
  3848 | D:5      | Found a stormy altar of Qazlal.
  3853 | D:5      | Found a radiant altar of Vehumet.
  4862 | D:6      | Reached skill level 10 in Unarmed Combat
  5080 | D:6      | Reached XP level 9. HP: 73/73 MP: 9/9
  5213 | D:6      | Reached skill level 5 in Fighting
  5524 | D:6      | Found a hazy altar of Hepliaklqana.
  5968 | D:7      | Reached skill level 11 in Unarmed Combat
  6115 | D:7      | Reached skill level 12 in Unarmed Combat
  6358 | D:7      | Reached skill level 5 in Armour
  6358 | D:7      | Reached XP level 10. HP: 81/81 MP: 10/10
  6603 | D:7      | Found a staircase to the Ecumenical Temple.
  6857 | Temple   | Entered the Ecumenical Temple
  6951 | Temple   | Became a worshipper of Gozag Ym Sagoz the Greedy
  7008 | D:8      | Noticed a two-headed ogre
  7020 | D:8      | Noticed a two-headed ogre
  7029 | D:7      | Killed a two-headed ogre
  7030 | D:7      | Reached skill level 5 in Dodging
  7030 | D:7      | Reached skill level 13 in Unarmed Combat
  7179 | D:8      | Killed a two-headed ogre
  7567 | D:8      | Reached skill level 14 in Unarmed Combat
  8542 | D:9      | Reached skill level 1 in Throwing
  8644 | D:9      | Reached XP level 11. HP: 79/88 MP: 11/11
  8702 | D:9      | Found a transporter.
  8704 | D:9      | Found a transporter.
  8709 | D:9      | Found a transporter.
  8728 | D:9      | Found a transporter.
  8801 | D:9      | Found Pimetit's General Store.
  8872 | D:9      | Found a staircase to the Lair.
  8887 | D:9      | Reached skill level 15 in Unarmed Combat
  9281 | D:10     | Entered Level 10 of the Dungeon
  9560 | D:10     | Noticed a two-headed ogre
  9571 | D:10     | Killed a two-headed ogre
 10314 | D:10     | Found a shadowy altar of Dithmenos.
 10635 | D:10     | Found a sacrificial altar of Ru.
 10856 | D:11     | Noticed a cyclops
 10927 | D:11     | Noticed a two-headed ogre
 10939 | D:11     | Killed a two-headed ogre
 11399 | D:11     | Found a staircase to the Orcish Mines.
 11416 | D:11     | Reached skill level 16 in Unarmed Combat
 12462 | Lair:1   | Entered Level 1 of the Lair of Beasts
 12519 | Lair:1   | HP: 3/89 [black mamba (12)]
 12519 | Lair:1   | HP: 1/89 [yak (2)]
 12519 | Lair:1   | Mangled by a black mamba

Illustrated notes

Levels and vault maps discovered:
D:1:      elethiomel_arrival_shortcut, layout_loops_ring
D:2:      layout_basic
D:3:      layout_rooms, mainiacjoe_overflow_concentric_impassable,
          nicolae_kikubaaqudgha_miasma_corner, portal_sewer_entry_a
D:4:      layout_gridville, uniq_menkaure, uniq_eustachio, uniq_robin,
          uniq_duvessa
D:5:      layout_cave_pods, grunt_temple_overflow_cloverleaf
D:6:      cheibrodos_quashed, layout_loops_corners,
          worldfamousw_hep_ancestral_shrine
D:7:      layout_loops_ring, lemuel_temple_firewalk_b, serial_aquarium,
          aquarium_bridge_long_separate [aquarium_subvault_bridge,
          aquarium_subvault_balcony, aquarium_subvault_balcony,
          aquarium_subvault_wall, aquarium_subvault_bridge,
          aquarium_subvault_bridge], aquarium_window_2, aquarium_window_corner,
          aquarium_window_2, aquarium_window_2, aquarium_view_2d,
          aquarium_pool_four
D:8:      layout_loops_ring, minmay_lizard_king
D:9:      layout_loops_ring, erik_lair_orcish_takeover, serial_shops, shop,
          nicolae_transporter_circle
D:10:     layout_layer_cave, nicolae_dithmenos_shadow_blocks,
          mainiacjoe_overflow_tiny_flanked
D:11:     layout_stronghold, orc_0_dummy, corexii_hall_statues_deadend
Temple:   nicolae_temple_ecumenical_triangle
Lair:1:   layout_roguey, grunt_megastairs_2, serial_bayou_shore_a

Skill      XL: |  1  2  3  4  5  6  7  8  9 10 11 |
---------------+----------------------------------+-----
Dodging        | 3 4 5 |  5.2
Unarmed Combat | 4 5 7 8 10 12 14 16 | 16.1
Fighting       | 4 5 |  5.9
Armour         | 2 3 5 6 7 |  7.6
Throwing       | 1 2 |  2.0

Action                     |  1- 3 |  4- 6 |  7- 9 | 10-12 || total
---------------------------+-------+-------+-------+-------++-------
  Melee: Unarmed           |    81 |   185 |   327 |   337 ||   930
         Punch             |       |       |       |    27 ||    27
  Throw: Dart              |       |       |       |    12 ||    12
 Invoke: Potion Petition   |       |       |       |     1 ||     1
         Call Merchant     |       |       |       |     1 ||     1
  Evoke: Wand              |       |       |       |     1 ||     1
    Use: Scroll            |       |     5 |     4 |     1 ||    10
         Potion            |       |     1 |     1 |       ||     2
 Armour: Robe              |    38 |    55 |       |       ||    93
         Chain mail        |       |    27 |   171 |   203 ||   401
  Dodge: Dodged            |    54 |   163 |   214 |   212 ||   643

Table legend: (Time is in decaauts)
 A = Elapsed time spent in this place.
 B = Non-inter-level travel time spent in this place.
 C = Inter-level travel time spent in this place.
 D = Time resting spent in this place.
 E = Time spent auto-exploring this place.
 F = Levels seen in this place.
 G = Mean time per level.
                   A        B        C        D        E       F      G
               +--------+--------+--------+--------+--------+-----+--------+
         Total |  12423 |  11744 |    679 |    925 |   8453 |  14 |  887.4 |
       Dungeon |  11647 |  10974 |    673 |    748 |   8315 |  11 | 1058.8 |
        Temple |    106 |    101 |      5 |      0 |      0 |   1 |  106.0 |
          Lair |     52 |     52 |      0 |      0 |     17 |   1 |   52.0 |
         Sewer |    616 |    616 |      0 |    177 |    121 |   1 |  616.0 |
               +--------+--------+--------+--------+--------+-----+--------+

Top non-repeatable levels by time:
    D:10: 1669 daAuts
     D:8: 1345 daAuts
    D:11: 1339 daAuts
     D:4: 1229 daAuts
     D:7: 1117 daAuts
     D:5: 1078 daAuts
     D:6: 1066 daAuts
     D:9: 878 daAuts
     D:3: 742 daAuts
     D:1: 675 daAuts
   Sewer: 616 daAuts
     D:2: 505 daAuts
  Temple: 106 daAuts
  Lair:1: 52 daAuts
